 Dungeon Crawl Stone Soup version 0.30-a0-1160-g6e42c06551 (webtiles) character file.

Game seed: 8339967415022250177

2067 jimonade the Cudgeller (level 9, -5/66 HPs)
             Began as a Human Fighter on Apr 27, 2023.
             Succumbed to a killer bee's poison
             ... on level 7 of the Dungeon.
             The game lasted 00:12:23 (6307 turns).

jimonade the Cudgeller (Human Fighter)              Turns: 6307, Time: 00:12:23

Health: -5/66      AC: 14    Str: 16    XL:     9   Next: 50%
Magic:  14/14      EV:  9    Int: 13    God:
Gold:   282        SH: 10    Dex: 13    Spells: 15/15 levels left

rFire   x . .        a - +2 flail (protect)
rCold   + + .        c - +0 buckler
rNeg    . . .        w - +0 ice dragon scales
rPois   .            (no helmet)
rElec   .            K - +0 cloak
rCorr   .            u - +0 pair of gloves
SInv    +            G - +0 pair of boots
Will    .....        v - amulet of reflection Stlth
                     k - ring of see invisible
HPRegen 0.31/turn    (no ring)
MPRegen 0.14/turn

%: reflection
@: lethally poisoned (-5 -> -32)
A: no striking features
a: no special abilities


You were on level 7 of the Dungeon.
You visited 1 branch of the dungeon, and saw 7 of its levels.

You collected 282 gold pieces.

Inventory:

Hand Weapons
 a - a +2 flail of protection (weapon)
 b - a +0 flail of holy wrath
 C - a +0 flail
 D - a +0 vampiric short sword
 I - a +0 morningstar
 S - a +0 flail of protection
Missiles
 n - 66 stones (quivered)
 r - 12 poisoned darts
 T - a silver boomerang
Armour
 c - a +0 buckler (worn)
 g - a +0 ring mail
 o - a +0 leather armour
 u - a +0 pair of gloves (worn)
 w - +0 ice dragon scales (worn)
 B - +0 steam dragon scales
 F - a scarf of invisibility
 G - a +0 pair of boots (worn)
 K - a +0 cloak (worn)
 R - a +0 ring mail of cold resistance
Magical Staves
 J - a staff of death
 U - a staff of air
Jewellery
 j - an amulet of faith
 k - a ring of see invisible (left hand)
 p - an amulet of magic regeneration
 v - an amulet of reflection (around neck)
Wands
 A - a wand of iceblast (10)
 H - a wand of light (4)
Scrolls
 e - 2 scrolls of enchant weapon
 h - 3 scrolls of butterflies
 i - a scroll of magic mapping {unknown}
 l - 3 scrolls of teleportation
 y - 2 scrolls of immolation
 z - 2 scrolls of fear
 E - a scroll of blinking {unknown}
 M - a scroll of amnesia {unknown}
 N - 2 scrolls of noise
Potions
 d - 3 potions of might
 f - 2 potions of cancellation {unknown}
 m - 3 potions of attraction {unknown}
 q - a potion of lignification {unknown}
 s - 2 potions of curing {unknown}
 t - a potion of invisibility {unknown}
 x - a potion of berserk rage {unknown}
 L - a potion of flight {unknown}
 P - a potion of heal wounds {unknown}
 Q - a potion of magic {unknown}


   Skills:
 + Level 4.6 Fighting
 + Level 7.0 Maces & Flails
 + Level 5.0 Armour
 + Level 2.5 Dodging
 + Level 0.7 Stealth
 + Level 4.7 Shields
 * Level 3.7 Spellcasting
 * Level 4.5 Poison Magic
 + Level 0.1 Evocations


You had 15 spell levels left.
You didn't know any spells.
Your spell library contained the following spells:

 Spells                   Type           Power      Damage    Failure   Level
 Sting                    Tmut/Pois      32%        1d4       43%         1
 Poisonous Vapours        Pois/Air       16%        N/A       56%         2
 Lesser Beckoning         Tloc           4%         N/A       87%         2
 Sublimation of Blood     Necr           2%         N/A       87%         2
 Wereblood                Tmut           2%         N/A       87%         2
 Olgreb's Toxic Radiance  Pois           14%        N/A       88%         4
 Gell's Gravitas          Tloc           2%         N/A       98%         3
 Teleport Other           Tloc           2%         N/A       98%         3
 Tukima's Dance           Hex            2%         N/A       98%         3
 Passage of Golubria      Tloc           2%         N/A       100%        4
 Yara's Violent Unravell  Hex/Tmut       1%         3d3       100%        5
 Summon Hydra             Summ           1%         N/A       100%        7
 Discord                  Hex            1%         N/A       100%        8
 Ignition                 Fire           1%         3d3       100%        8


Dungeon Overview and Level Annotations

Branches:
Dungeon (7/15)             Temple (0/1) D:4

Altars:
Sif Muna

Shops:
D:1 (   D:3 :

Annotations:
D:3 1 runed translucent door, Crazy Yiuf


Message History

The killer bee is almost dead.
You feel very sick. You block the killer bee's attack.
The killer bee stings you.
You are more poisoned.
The killer bee poisons you!
The killer bee stings you but does no damage.
The killer bee closely misses you.
You barely miss the killer bee.
The killer bee is almost dead.
You feel very sick.
The killer bee stings you but does no damage. x2
You block the killer bee's attack. The killer bee stings you. x2
You are more poisoned.
The killer bee poisons you!
The killer bee stings you but does no damage.
You are too injured to fight recklessly!
You are too injured to fight recklessly!
You are too injured to fight recklessly!
You miss the killer bee.
You feel very sick. The killer bee stings you!
* * * LOW HITPOINT WARNING * * *
The killer bee stings you but does no damage.
You block the killer bee's attack. x2
You closely miss the killer bee.
* * * LOW HITPOINT WARNING * * *
You feel very sick. The killer bee stings you.
* * * LOW HITPOINT WARNING * * *
You are more poisoned.
The killer bee poisons you!
The killer bee stings you but does no damage.
The killer bee stings you!
* * * LOW HITPOINT WARNING * * *
You are more poisoned.
The killer bee poisons you! The killer bee barely misses you.
Okay, then.
Unknown command.
You miss the killer bee.
You die...

#.............
#............
#...........
##.....>....#
#....(....# #.....#
#.....# ##y....#
#@y....# ##......##
.
...........#####..
.....#####........
.....## ##.........
.....####.....##..#
.###..#.......# ..
.. .# ##.........##
.....# ##.
#..........#


You could see 2 killer bees.

Vanquished Creatures
  Grinder (D:3)
  A steam dragon (D:4)
  A water moccasin (D:7)
  An orc warrior (D:6)
  2 sky beasts (D:6)
  An ice beast (D:6)
  3 ogres
  3 phantoms
  A bullfrog (D:6)
  A scorpion (D:5)
  3 jellies
  3 hounds (D:6)
  A gnoll bouda (D:4)
  An orc priest (D:6)
  4 iguanas
  3 orc wizards
  7 gnolls
  7 adders
  3 worms (D:3)
  2 dart slugs
  25 orcs
  5 bats
  3 endoplasms
  3 giant cockroaches
  9 goblins
  13 hobgoblins
  6 jackals
  13 kobolds
  5 quokkas
  8 ball pythons
  A frilled lizard (D:2)
  3 rats
143 creatures vanquished.

Vanquished Creatures (others)
  A plant (D:6)
1 creature vanquished.

Grand Total: 144 creatures vanquished

Notes
Turn   | Place    | Note
-------+----------+-------------------------------------------
     0 | D:1      | jimonade the Human Fighter began the quest for the Orb.
     0 | D:1      | Reached XP level 1. HP: 18/18 MP: 1/1
    76 | D:1      | Found Barot's Antique Weapon Boutique.
   229 | D:1      | Reached XP level 2. HP: 24/24 MP: 2/2
   518 | D:1      | Found a faded altar of an unknown god.
   770 | D:2      | Reached XP level 3. HP: 28/29 MP: 3/3
  1538 | D:3      | Reached XP level 4. HP: 35/35 MP: 4/4
  1869 | D:3      | Found Umuurezu's Book Emporium.
  1945 | D:3      | Noticed Grinder
  1975 | D:3      | Paralysed by Grinder for 2 turns
  1982 | D:3      | Killed Grinder
  1983 | D:3      | Reached skill level 3 in Maces & Flails
  1983 | D:3      | Reached skill level 1 in Spellcasting
  1983 | D:3      | Reached skill level 1 in Poison Magic
  1983 | D:3      | Reached XP level 5. HP: 11/41 MP: 4/7
  1983 | D:3      | Reached XP level 6. HP: 13/47 MP: 4/8
  2234 | D:3      | Found a shimmering blue altar of Sif Muna.
  2477 | D:3      | Found a runed translucent door.
  2482 | D:3      | Noticed Crazy Yiuf
  2543 | D:3      | Reached skill level 4 in Maces & Flails
  2543 | D:3      | Reached skill level 1 in Dodging
  2579 | D:4      | Reached XP level 7. HP: 48/53 MP: 9/9
  2629 | D:4      | Noticed a steam dragon
  2633 | D:4      | Killed a steam dragon
  3103 | D:4      | Found a staircase to the Ecumenical Temple.
  3121 | D:4      | Reached XP level 8. HP: 60/60 MP: 11/11
  3192 | D:4      | Reached skill level 5 in Maces & Flails
  3823 | D:5      | Entered Level 5 of the Dungeon
  5045 | D:6      | Reached skill level 6 in Maces & Flails
  5092 | D:6      | Reached XP level 9. HP: 58/65 MP: 13/13
  5553 | D:6      | Reached skill level 5 in Armour
  6166 | D:6      | Reached skill level 7 in Maces & Flails
  6306 | D:7      | HP: 1/66 [killer bee (7)]
  6307 | D:7      | Succumbed to a killer bee's poison

Illustrated notes

Levels and vault maps discovered:
D:1:      noname_arrival_rooms_in_the_neighbourhood, layout_basic,
          ebering_ecumenical_altar_mist, serial_shops, nicolae_shop_peninsula
D:2:      layout_rooms, chequers_serial_rivers_micro_b
D:3:      layout_basic, lemuel_crystal_altar, serial_shops, shop,
          uniq_crazy_yiuf_cottage, uniq_grinder
D:4:      layout_loops_ring, temple_doors_e
D:5:      layout_basic
D:6:      corexii_shantytown, layout_basic
D:7:      layout_layer_cave, gammafunk_ghost_grave, kennysheep_flooded_box

Skill      XL: |  1  2  3  4  5  6  7  8  9 |
---------------+----------------------------+-----
Maces & Flails | 3 4 6 7 |  7.0
Spellcasting   | 1 2 3 |  3.7
Poison Magic   | 1 2 4 |  4.5
Dodging        | 1 2 |  2.5
Armour         | 4 5 |  5.0
Shields        | 4 |  4.7
Fighting       | 4 |  4.6
Stealth        | |  0.7
Evocations     | |  0.1

Action                     |  1- 3 |  4- 6 |  7- 9 || total
---------------------------+-------+-------+-------++-------
  Melee: Flail             |   123 |   110 |   447 ||   680
         Morningstar       |       |       |    36 ||    36
  Evoke: Wand              |       |       |     3 ||     3
    Use: Scroll            |       |       |     6 ||     6
 Armour: Scale mail        |    61 |       |       ||    61
         Ring mail         |    13 |    14 |       ||    27
         Ice dragon scales |       |    23 |   187 ||   210
  Dodge: Dodged            |    61 |    40 |   149 ||   250
  Block: Buckler           |    32 |    36 |   239 ||   307

Table legend: (Time is in decaauts)
 A = Elapsed time spent in this place.
 B = Non-inter-level travel time spent in this place.
 C = Inter-level travel time spent in this place.
 D = Time resting spent in this place.
 E = Time spent auto-exploring this place.
 F = Levels seen in this place.
 G = Mean time per level.
                   A        B        C        D        E       F      G
               +--------+--------+--------+--------+--------+-----+--------+
         Total |   6459 |   6185 |    274 |    194 |   4251 |   7 |  922.7 |
       Dungeon |   6459 |   6185 |    274 |    194 |   4251 |   7 |  922.7 |
               +--------+--------+--------+--------+--------+-----+--------+

Top non-repeatable levels by time:
     D:3: 1330 daAuts
     D:6: 1244 daAuts
     D:5: 1187 daAuts
     D:4: 1115 daAuts
     D:2: 772 daAuts
     D:1: 716 daAuts
     D:7: 92 daAuts
